 Dungeon Crawl Stone Soup version 0.19.3-1-g3169bf9 (webtiles) character file.

136 galech the Cudgeler (level 5, 0/55 HPs)
             Began as an Ogre Fighter on Jan 24, 2017.
             Killed by divine providence
             ... invoked by an orc priest
              (13 damage)
             ... on level 3 of the Dungeon.
             The game lasted 00:03:58 (2431 turns).

galech the Cudgeler (Ogre Fighter)                  Turns: 2431, Time: 00:04:00

Health: 0/55       AC:  3    Str: 22    XL:     5   Next: 19%
Magic:  5/5        EV:  9    Int:  7    God:
Gold:   110        SH:  9    Dex:  9    Spells: 0 memorised, 4 levels left

rFire  . . .     SeeInvis .     a - +0 flail
rCold  . . .     Gourm    .     t - +0 robe (curse)
rNeg   . . .     Faith    .     c - +0 shield
rPois  +         Spirit   .     (helmet restricted)
rElec  .         Reflect  .     (no cloak)
rCorr  .         Harm     .     (gloves unavailable)
MR     .....                    (boots unavailable)
Stlth  +.........               (no amulet)
                                (no ring)
                                j - ring of poison resistance

@: no status effects
A: unfitting armour, tough skin 1
a: no special abilities


You were on level 3 of the Dungeon.
You were not hungry.

You visited 1 branch of the dungeon, and saw 3 of its levels.

You collected 110 gold pieces.

Inventory:

Hand Weapons
 a - a +0 flail (weapon)
Armour
 c - a +0 shield (worn)
 t - a cursed +0 robe (worn)
Jewellery
 j - a ring of poison resistance (left hand)
Scrolls
 g - 2 scrolls of magic mapping {unknown}
 p - 2 scrolls of fog {unknown}
 q - 2 scrolls of teleportation {unknown}
 r - a scroll of random uselessness {unknown}
 s - a scroll of recharging {unknown}
 v - a scroll of remove curse {unknown}
Potions
 b - a potion of lignification {unknown}
 d - 2 potions of might
 e - 2 potions of curing {unknown}
 i - a potion of resistance {unknown}
 k - a potion of mutation {unknown}
 l - 2 potions of brilliance {unknown}
 n - a potion of heal wounds {unknown}
 u - a potion of degeneration {unknown}
Comestibles
 f - 2 bread rations
 h - a slice of pizza
 o - a beef jerky


   Skills:
 + Level 4.5 Fighting
 + Level 5.0 Maces & Flails
 + Level 3.0 Dodging
 + Level 0.2 Stealth
 + Level 3.6 Shields


You had 4 spell levels left.
You didn't know any spells.

Dungeon Overview and Level Annotations

Branches:
Dungeon (3/15)

Altars:

Annotations:
D:3 galech's ghost, amateur OgFi


Innate Abilities, Weirdness & Mutations

You are too large for most types of armour.
You have tough skin. (AC +1)


Message History

Galech's ghost is lightly damaged.
The orc priest hits you with an enchanted short sword.
You block galech's ghost's attack.
You sock galech's ghost!
Galech's ghost is moderately damaged.
You block the orc priest's attack. Galech's ghost closely misses you.
You thump galech's ghost!
Galech's ghost is heavily damaged.
The orc priest closely misses you. Galech's ghost hits you!
The orc priest hits you but does no damage.
You hit galech's ghost.
Galech's ghost is heavily damaged.
Galech's ghost screams, "Don't try to defend!
You have no chance!"
Galech's ghost completely misses you.
The orc priest hits you but does no damage.
Galech's ghost hits you!
* * * LOW HITPOINT WARNING * * *
The orc priest mumbles some strange prayers to Beogh against you.
Beogh smites you!
You die...

#.................
#...#.........##......
#...#.........##......
#...#.........###.####
#...#.....##### #.# # #
#...#.....# #.# #
#..###...#..)..#######.## # .
...'.'..†...............# # ..
#..W.@...........#.### ...
#.)o†)..[...........## ....
####)...............## o....
######.................#
......#......###########......
o.....'$.....# #.....#
.....r#......# #...... #####
#......# #...... #.........
........


You could see an orc priest and galech's ghost.

Vanquished Creatures
  Jessica (D:2)
  2 adders (D:2)
  An ooze (D:3)
  2 worms
  3 dart slugs
  7 orcs (D:3)
  8 bats
  2 giant cockroaches (D:3)
  5 hobgoblins
  8 jackals
  2 quokkas
  2 ball pythons (D:1)
  3 frilled lizards
  8 goblins
  7 kobolds
  7 rats
68 creatures vanquished.

Notes
Turn   | Place    | Note
-------+----------+-------------------------------------------
     0 | D:1      | galech the Ogre Fighter began the quest for the Orb.
     0 | D:1      | Reached XP level 1. HP: 24/24 MP: 1/1
   202 | D:1      | Reached XP level 2. HP: 32/32 MP: 2/2
   507 | D:1      | Reached skill level 3 in Maces & Flails
   643 | D:1      | Reached XP level 3. HP: 30/39 MP: 3/3
  1167 | D:2      | Reached skill level 4 in Maces & Flails
  1169 | D:2      | Reached XP level 4. HP: 35/48 MP: 4/4
  1249 | D:2      | Noticed Jessica
  1253 | D:2      | Killed Jessica
  1906 | D:3      | Reached XP level 5. HP: 21/55 MP: 5/5
  2416 | D:3      | Reached skill level 5 in Maces & Flails
  2420 | D:3      | Noticed galech's ghost (amateur OgFi)
  2431 | D:3      | Killed from afar by an orc priest

Skill      XL: |  1  2  3  4  5 |
---------------+----------------+-----
Shields        | 3 |  3.6
Maces & Flails | 3 4 5 |  5.0
Dodging        | 3 |  3.0
Fighting       | |  4.5
Stealth        | |  0.2

Action                   |  1- 3 |  4- 6 || total
-------------------------+-------+-------++-------
Melee: Flail             |   108 |   107 ||   215
 Stab: Sleeping          |     1 |       ||     1
  Eat: Chunk             |     1 |     4 ||     5
Armor: Robe              |    38 |    34 ||    72
Dodge: Dodged            |    43 |    46 ||    89
Block: Shield            |    62 |    69 ||   131
